 Dungeon Crawl Stone Soup version 0.29-a0-870-g2c972031a6 (webtiles) character file.

Game seed: 17061291220160241069

6 Nato the Insei (level 1, -1/13 HPs)
             Began as an Octopode Transmuter on July 17, 2022.
             Slain by a quokka (3 damage)
             ... on level 1 of the Dungeon.
             The game lasted 00:01:00 (223 turns).

Nato the Insei (Octopode Transmuter)                 Turns: 223, Time: 00:01:00

Health: -1/13      AC:  1    Str:  9    XL:     1   Next: 90%
Magic:  2/3        EV: 13    Int: 15    God:
Gold:   0          SH:  0    Dex: 12    Spells: 3/4 levels left

rFire   . . .      SeeInvis .     - Unarmed
rCold   . . .      Faith    .   (no shield)
rNeg    . . .      Spirit   .   (helmet currently unavailable)
rPois   .          Reflect  .   (no amulet)
rElec   .          Harm     .   (no ring)
rCorr   .          Rampage  .   (no ring)
Will    .....                   (no ring)
Stlth   ++........              (no ring)
HPRegen 0.04/turn               (no ring)
MPRegen 0.08/turn               (no ring)
                                (no ring)
                                (no ring)

@: appendages
A: tentacle spike 3, almost no armour, amphibious, 8 rings, camouflage 1,
gelatinous body 1, (nimble swimmer 1), tentacles
a: End Transformation


You were on level 1 of the Dungeon.
One of your tentacles had grown a beastly spike.
You visited 1 branch of the dungeon, and saw 1 of its levels.

Inventory:

Missiles
 b - a throwing net
Scrolls
 c - a scroll of identify {unknown}
 d - a scroll of poison {unknown}
Potions
 a - a potion of lignification
 e - a potion of ambrosia {unknown}


   Skills:
 + Level 1.1 Fighting
 + Level 2.1 Dodging
 + Level 3.0 Unarmed Combat
 - Level 2.0 Spellcasting
 * Level 2.2 Transmutations


You had 3 spell levels left.
You knew the following spells:

 Your Spells              Type           Power      Damage    Failure   Level
a - Beastly Appendage     Tmut           16%        N/A       9%          1

Your spell library contained the following spells:

 Spells                   Type           Power      Damage    Failure   Level
 Wereblood                Tmut           8%         N/A       14%         2
 Spider Form              Tmut/Pois      4%         N/A       38%         3
 Ice Form                 Ice/Tmut       4%         N/A       80%         4


Dungeon Overview and Level Annotations

Branches:
Dungeon (1/15)

Altars:

Shops:
D:1 [


Innate Abilities, Weirdness & Mutations

One of your tentacles has grown a beastly spike.
You cannot wear most types of armour.
You are amphibious.
You can wear up to eight rings at the same time.
Your skin changes colour to match your surroundings (Stealth+).
Your rubbery body absorbs attacks. (AC +1, EV +1)
((You are camouflaged when in or above water. (Stealth+)))
You have tentacles for arms and can constrict up to eight enemies at once.


Message History

One of your tentacles grows a vicious spike.
An endoplasm comes into view.
The endoplasm quivers.
You tentacle-slap the endoplasm.
The endoplasm is severely wounded.
The quokka closely misses you. The endoplasm misses you. The quokka bites you.
You barely miss the endoplasm.
You pierce the endoplasm.
You kill the endoplasm!
The quokka completely misses you.
You tentacle-slap the quokka but do no damage.
Your grab misses the quokka.
Your tentacle spike misses the quokka.
You squeeze the quokka.
The quokka is moderately wounded.
The quokka closely misses you.
You tentacle-slap the quokka. Your grab misses the quokka.
The quokka is almost dead.
The quokka barely misses you.
A quokka is nearby!
A quokka is nearby!
A quokka is nearby!
You tentacle-slap the quokka but do no damage.
Your grab misses the quokka.
The quokka is almost dead.
The quokka bites you.
You are too injured to fight recklessly!
A quokka is nearby!
You are too injured to fight recklessly!
You are too injured to fight recklessly!
You are too injured to fight recklessly!
Unknown command.
You closely miss the quokka. Your grab misses the quokka.
Your squeeze misses the quokka.
The quokka is almost dead.
The quokka bites you.
* * * LOW HITPOINT WARNING * * *
You miss the quokka. Your grab misses the quokka.
Your tentacle spike misses the quokka.
The quokka is almost dead.
The quokka bites you.
You die...

.# ####.# #####...?.
#......#?# #......#.#
.# #......#.# .#
#......#.###### .# #
#.#..r@.##...###.# .#
..........#.#....>###.#
...#.####..∩..........#
. # ###.#.........##
#.#...........
#...........##
###...†.....#
#[........# #.........#


You could see a quokka.

Vanquished Creatures
  2 ball pythons (D:1)
  An endoplasm (D:1)
  A quokka (D:1)
  A rat (D:1)
5 creatures vanquished.

Notes
Turn   | Place    | Note
-------+----------+-------------------------------------------
     0 | D:1      | Nato the Octopode Transmuter began the quest for the Orb.
     0 | D:1      | Reached XP level 1. HP: 13/13 MP: 3/3
   193 | D:1      | Found Erodem's Antique Armour Shoppe.
   223 | D:1      | Slain by a quokka

Illustrated notes

Levels and vault maps discovered:
D:1:      dpeg_arrival_rooms_with_view, layout_basic, serial_shops,
          nicolae_shop_crystal, chequers_jeans

Action                   || total
-------------------------++-------
Melee: Unarmed           ||    15
       Kick              ||     5
       Tentacles         ||     4
       Constrict         ||     1
 Cast: Beastly Appendage ||     4
Dodge: Dodged            ||    14

Table legend: (Time is in decaauts)
 A = Elapsed time spent in this place.
 B = Non-inter-level travel time spent in this place.
 C = Inter-level travel time spent in this place.
 D = Time resting spent in this place.
 E = Time spent auto-exploring this place.
 F = Levels seen in this place.
 G = Mean time per level.
                   A        B        C        D        E       F      G
               +--------+--------+--------+--------+--------+-----+--------+
         Total |    222 |    222 |      0 |      0 |    180 |   1 |  222.0 |
       Dungeon |    222 |    222 |      0 |      0 |    180 |   1 |  222.0 |
               +--------+--------+--------+--------+--------+-----+--------+

Top non-repeatable levels by time:
     D:1: 222 daAuts
